 Dungeon Crawl Stone Soup version 0.31-a0-4-gefa6de2278 (webtiles) character file.

Game seed: 5380816023628413272

55 Mesmaeker13 the Insei (level 3, 0/24 HPs)
             Began as an Octopode Transmuter on May 3, 2023.
             Slain by an adder (3 damage)
             ... on level 4 of the Dungeon.
             The game lasted 00:02:16 (2076 turns).

Mesmaeker13 the Insei (Octopode Transmuter)         Turns: 2076, Time: 00:02:16

Health: 0/24       AC:  1    Str:  9    XL:     3   Next: 93%
Magic:  6/7        EV: 13    Int: 17    God:
Gold:   49         SH:  0    Dex: 18    Spells: 4/7 levels left

rFire   . .          .
                       - Unarmed
rCold   . . .        (no shield)
rNeg    . . .        (helmet currently unavailable)
rPois   .            (no amulet)
rElec   .            b - +6 ring of dexterity
rCorr   .            (no ring)
SInv    .            (no ring)
Will    .....        (no ring)
Stlth   +++          (no ring)
HPRegen 0.24/turn    (no ring)
MPRegen 0.10/turn    (no ring)
                     (no ring)

%: no passive effects
@: appendages (expiring)
A: tentacle spike 3, almost no armour, amphibious, 8 rings, camouflage 1,
gelatinous body 1, (nimble swimmer 1), tentacles
a: End Transformation


You were on level 4 of the Dungeon.
One of your tentacles had grown a beastly spike.
You visited 1 branch of the dungeon, and saw 6 of its levels.

You collected 49 gold pieces.

Inventory:

Missiles
 e - 2 poisoned darts
Jewellery
 b - a +6 ring of dexterity (left tentacle)
Wands
 s - a wand of roots (13)
Scrolls
 f - a scroll of magic mapping {unknown}
 g - 2 scrolls of fog
 h - a scroll of noise {unknown}
 i - a scroll of teleportation
 m - a scroll of fear {unknown}
 n - a scroll of vulnerability {unknown}
 o - 2 scrolls of brand weapon
 q - a scroll of summoning {unknown}
Potions
 a - a potion of lignification
 c - a potion of degeneration {unknown}
 d - a potion of haste {unknown}
 j - a potion of attraction
 k - 2 potions of curing
 l - a potion of heal wounds {unknown}
 p - a potion of berserk rage {unknown}
 r - a potion of brilliance {unknown}


   Skills:
 + Level 2.1 Fighting
 - Level 2.0 Dodging
 + Level 3.6 Unarmed Combat
 + Level 2.7 Spellcasting
 - Level 2.0 Transmutations


You had 4 spell levels left.
You knew the following spells:

 Your Spells              Type           Power      Damage    Failure   Level
a - Beastly Appendage     Tmut           18%        N/A       8%          1
b - Wereblood             Tmut           9%         N/A       12%         2

Your spell library contained the following spells:

 Spells                   Type           Power      Damage    Failure   Level
 Magic Dart               Conj           8%         1d3       19%         1
 Searing Ray              Conj           4%         2d4       26%         2
 Spider Form              Tmut/Pois      5%         N/A       34%         3
 Ice Form                 Ice/Tmut       5%         N/A       75%         4
 Fulminant Prism          Conj/Hex       1%         3d5       87%         4


Dungeon Overview and Level Annotations

Branches:
Dungeon (6/15)
 Temple: D:4-7

Altars:

Annotations:
D:2 1 runed translucent door, Crazy Yiuf
D:5 Dowan, Duvessa


Innate Abilities, Weirdness & Mutations

One of your tentacles has grown a beastly spike.
You cannot wear most types of armour.
You are amphibious.
You can wear up to eight rings at the same time.
Your skin changes colour to match your surroundings (Stealth+).
Your rubbery body absorbs attacks. (AC +1, EV +1)
((You are camouflaged when in or above water. (Stealth+)))
You have tentacles for arms and can constrict up to eight enemies at once.


Message History

Duvessa misses you.
An orc comes into view. It is wielding a +0 mace.
Your surroundings suddenly seem different.
An iguana and an orc wizard come into view.
The orc wizard gestures at you while chanting.
The puff of flame hits you!
Unknown command.
The adder barely misses you.
The orc priest looks encouraged for a moment.
The adder attacks as you move away! The adder barely misses you.
There is a stone staircase leading up here.
The adder barely misses you. The orc misses you.
The orc priest miscasts a cantrip.
The adder closely misses you.
You climb upwards.
There is a stone staircase leading down here.
Casting: Beastly Appendage (safe; 8% risk of failure)
Confirm with . or Enter, or press ? or * to list all spells.
One of your tentacles grows a vicious spike.
The adder barely misses you. The orc hits you with a +0 dagger.
Your transformation is almost over.
The adder misses you. The orc hits you with a +0 dagger.
You miss the adder. Your grab misses the adder. The adder closely misses you.
Unknown command.
You tentacle-slap the adder. Your grab misses the adder.
The adder is moderately wounded.
The adder bites you. The orc hits you with a +0 dagger.
* * * LOW HITPOINT WARNING * * *
The adder misses you.
You tentacle-slap the adder but do no damage.
You grab the adder.
The adder is moderately wounded.
You constrict the adder. The orc hits you with a +0 dagger.
* * * LOW HITPOINT WARNING * * *
The adder barely misses you.
Unknown command.
You tentacle-slap the adder.
Your tentacle spike misses the adder.
The adder is severely wounded.
You constrict the adder. The orc misses you. The adder bites you.
You die...

.. .. .
.. .. #.
#. . #..
##.##.#
... ...#.
.. ...
.####.#S#
.......@#
.##...wo#
#.....#
#.....#
#......
#.....#
#......
##.....


You could see a worm, an adder and an orc.

Vanquished Creatures
  2 dart slugs (D:2)
  3 endoplasms
  14 giant cockroaches
  2 goblins (D:2)
  6 hobgoblins
  2 jackals (D:1)
  2 quokkas
  2 ball pythons (D:1)
  2 bats (D:2)
  6 kobolds
  A rat (D:2)
42 creatures vanquished.

Notes
Turn   | Place    | Note
-------+----------+-------------------------------------------
     0 | D:1      | Mesmaeker13 the Octopode Transmuter began the quest for the
                  | Orb.
     0 | D:1      | Reached XP level 1. HP: 13/13 MP: 3/3
   421 | D:1      | Found a faded altar of an unknown god.
   432 | D:1      | Reached XP level 2. HP: 13/18 MP: 3/5
   594 | D:1      | Learned a level 2 spell: Wereblood
   898 | D:2      | Reached XP level 3. HP: 22/24 MP: 4/6
  1101 | D:2      | Identified the +1 dagger of the Morning {heavy, Fly rC+
                  | Str+3}
  1607 | D:2      | Found a runed translucent door.
  1608 | D:2      | Noticed Crazy Yiuf
  1992 | D:3      | You fall into a shaft and drop 3 floors!
  2002 | D:6      | Noticed a black bear
  2050 | D:6      | Noticed a scorpion
  2057 | D:5      | Entered Level 5 of the Dungeon
  2057 | D:5      | Noticed Duvessa
  2058 | D:5      | Noticed Dowan
  2076 | D:4      | Slain by an adder

Illustrated notes

Levels and vault maps discovered:
D:1:      psy_arrival_basics, layout_basic, basic_ecumenical_altar
D:2:      minmay_roachtagon, layout_loops_corners, uniq_crazy_yiuf_cottage
D:3:      layout_loops_cross, nicolae_hepliaklqana_hippocampus,
          roderic_roman_lattice, glass_columns_c, uniq_jessica
D:4:      layout_basic, minmay_ruptured, uniq_pikel, uniq_natasha
D:5:      layout_rooms, serial_undead, serial_undead_e, serial_undead_b,
          serial_undead_a, serial_undead_f, serial_undead_b, serial_shops, shop,
          shop_fountains, uniq_ijyb, uniq_duvessa, uniq_edmund
D:6:      layout_loops_ring, ebering_ghost_reflecting_pool, serial_shops,
          nicolae_shop_waterfront, nicolae_shop_mannequins, shop,
          kennysheep_mini_moat

Skill      XL: |  1  2  3 |
---------------+----------+-----
Fighting       | 2 |  2.1
Dodging        | |  2.0
Unarmed Combat | |  3.6
Spellcasting   | |  2.7
Transmutations | |  2.0

Action                     || total
---------------------------++-------
  Melee: Unarmed           ||    89
         Tentacles         ||    16
         Constrict         ||    27
         Kick              ||    28
         Punch             ||     3
   Cast: Beastly Appendage ||    27
    Use: Scroll            ||     5
   Stab: Sleeping          ||     3
 Armour: Skin              ||     7
  Dodge: Dodged            ||    78

Table legend: (Time is in decaauts)
 A = Elapsed time spent in this place.
 B = Non-inter-level travel time spent in this place.
 C = Inter-level travel time spent in this place.
 D = Time resting spent in this place.
 E = Time spent auto-exploring this place.
 F = Levels seen in this place.
 G = Mean time per level.
                   A        B        C        D        E       F      G
               +--------+--------+--------+--------+--------+-----+--------+
         Total |   2069 |   1998 |     71 |     16 |   1619 |   6 |  344.8 |
       Dungeon |   2069 |   1998 |     71 |     16 |   1619 |   6 |  344.8 |
               +--------+--------+--------+--------+--------+-----+--------+

Top non-repeatable levels by time:
     D:2: 1182 daAuts
     D:1: 723 daAuts
     D:3: 80 daAuts
     D:6: 64 daAuts
     D:5: 12 daAuts
     D:4: 5 daAuts
